 Dungeon Crawl Stone Soup version 0.28-a0-1518-gbe868bca14 (webtiles) character file.

Game seed: 6262646279081023850

237 shadowrider38 the Cutter (level 6, 0/35 HPs)
             Began as a Kobold Brigand on Jan 17, 2022.
             Killed from afar by Ijyb (8 damage)
             ... with a puff of flame
             ... on level 4 of the Dungeon.
             The game lasted 00:05:44 (5285 turns).

shadowrider38 the Cutter (Kobold Brigand)           Turns: 5285, Time: 00:05:45

Health: 0/35       AC: 11    Str: 10    XL:     6   Next: 28%
Magic:  6/6        EV:  3    Int: 12    God:
Gold:   285        SH:  0    Dex: 20    Spells: 5/5 levels left

rFire   . . .      SeeInvis .   a - +11 quarterstaff of the Beast {holy, Dex+3 Stlth+}
rCold   . . .      Faith    .   (shield currently unavailable)
rNeg    . . .      Spirit   .   i - +0 plate armour
rPois   .          Reflect  .   (no helmet)
rElec   .          Harm     .   c - +0 cloak
rCorr   .          Rampage  .   (no gloves)
Will    .....                   (no boots)
Stlth   +.........              (no amulet)
HPRegen 0.11/turn               (no ring)
MPRegen 0.10/turn               (no ring)

@: no status effects
A: small, no large weapons, nightstalker 3
a: no special abilities


You were on level 4 of the Dungeon.
You visited 1 branch of the dungeon, and saw 4 of its levels.

You collected 285 gold pieces.

Inventory:

Hand Weapons
 a - the +11 quarterstaff of the Beast (weapon) {holy, Dex+3 Stlth+}
   (You found it on level 3 of the Dungeon)

   It has been blessed by the Shining One to cause great damage to the undead
   and demons.
   Dex:       It affects your dexterity (+3).
   Stlth:     It makes you more stealthy.
Missiles
 d - 8 poisoned darts (quivered)
 e - 2 curare-tipped darts
Armour
 c - a +0 cloak (worn)
 i - a +0 plate armour (worn)
Wands
 f - a wand of flame (27)
Scrolls
 h - 2 scrolls of silence {unknown}
 k - 2 scrolls of fog {unknown}
 l - a scroll of blinking {unknown}
 m - a scroll of enchant weapon {unknown}
 o - a scroll of magic mapping {unknown}
Potions
 b - a potion of mutation
 g - 2 potions of flight {unknown}
 j - 2 potions of curing {unknown}
 n - a potion of haste
 p - a potion of brilliance {unknown}
 q - a potion of invisibility
 r - 2 potions of lignification


   Skills:
 - Level 2.1 Fighting
 - Level 7.2 Short Blades
 + Level 2.1 Staves
 - Level 2.1 Throwing
 - Level 1.2 Dodging
 - Level 5.3 Stealth


You had 5 spell levels left.
You didn't know any spells.
Your spell library was empty.

Dungeon Overview and Level Annotations

Branches:
Dungeon (4/15)
 Temple: D:4-7

Altars:
Fedhas
Nemelex Xobeh

Annotations:
D:2 1 runed translucent door, Crazy Yiuf
D:4 Ijyb


Innate Abilities, Weirdness & Mutations

You are small and have problems with some larger weapons.
You are completely attuned to the shadows.


Message History

Things that are here:
a +0 long sword; a +0 robe
Things that are here:
a +0 long sword; a +0 robe Ijyb and an adder come into view.
Ijyb is wielding a +0 dagger and carrying a wand of flame (23).
The adder hisses angrily.
There are monsters nearby!
There are monsters nearby!
There are monsters nearby!
The adder barely misses you.
Ijyb zaps a wand.
The puff of flame hits you! The adder bites you but does no damage.
You closely miss the adder. The adder bites you.
You are poisoned.
The adder poisons you!
You hit Ijyb.
Ijyb is moderately wounded.
You feel sick. The adder bites you but does no damage. Ijyb barely misses you.
The adder bites you but does no damage.
You barely miss Ijyb.
Ijyb is moderately wounded.
You feel sick. The adder bites you.
Ijyb zaps a wand.
The puff of flame hits you!
You are too injured to fight recklessly!
You are too injured to fight recklessly!
You feel sick. The adder bites you but does no damage.
You feel sick.
You hit Ijyb but do no damage.
Ijyb is moderately wounded.
You feel sick.
You are no longer poisoned.
Ijyb hits you but does no damage.
Press: ? - help, v - describe, . - travel
Here: Ijyb, wielding a +0 dagger, wearing a +0 scale mail and carrying a wand of flame (21) (moderately wounded)
The floor.
Unknown command.
You sock Ijyb!
Ijyb is heavily wounded.
Ijyb zaps a wand.
The puff of flame hits you!
You die...

#.##### #.#
#.# #.#
....#.#.#
.....#.#.#
.....#.#.###.
.....#.#.....
.....Sg@.....
###.#.#####.
#.#.# #.#.#
#.#.# #.#.#


You could see Ijyb and an adder.

Vanquished Creatures
  Blork the orc (D:4)
  3 gnolls
  4 adders
  2 ufetubi (D:2)
  2 adder skeletons
  A worm (D:3)
  3 dart slugs
  An orc (D:3)
  6 bats
  8 endoplasms
  7 giant cockroaches
  5 goblins
  8 hobgoblins
  4 jackals (D:1)
  2 quokkas
  11 ball pythons
  A frilled lizard (D:1)
  5 kobolds
  4 rats
78 creatures vanquished.

Vanquished Creatures (others)
  7 fungi (D:3)
  4 toadstools (D:3)
11 creatures vanquished.

Grand Total: 89 creatures vanquished

Notes
Turn   | Place    | Note
-------+----------+-------------------------------------------
     0 | D:1      | shadowrider38 the Kobold Brigand began the quest for the
                  | Orb.
     0 | D:1      | Reached XP level 1. HP: 12/12 MP: 1/1
    56 | D:1      | Reached skill level 3 in Short Blades
   144 | D:1      | Reached XP level 2. HP: 17/17 MP: 2/2
   341 | D:1      | Reached skill level 4 in Short Blades
   690 | D:1      | Reached XP level 3. HP: 15/21 MP: 3/3
  1325 | D:2      | Found a faded altar of an unknown god.
  1385 | D:2      | Reached skill level 5 in Short Blades
  1544 | D:2      | Found a runed translucent door.
  1547 | D:2      | Noticed Crazy Yiuf
  1613 | D:2      | Reached XP level 4. HP: 16/26 MP: 4/4
  2033 | D:2      | Reached skill level 6 in Short Blades
  2739 | D:2      | Found a sparkling altar of Nemelex Xobeh.
  2757 | D:2      | Reached XP level 5. HP: 27/30 MP: 5/5
  3630 | D:3      | Found a blossoming altar of Fedhas.
  3960 | D:3      | Reached skill level 7 in Short Blades
  4567 | D:3      | Identified the +11 quarterstaff of the Beast {holy, Dex+3
                  | Stlth+}
  5131 | D:4      | Noticed Blork the orc
  5136 | D:4      | Killed Blork the orc
  5137 | D:4      | Reached XP level 6. HP: 25/35 MP: 6/6
  5276 | D:4      | Noticed Ijyb
  5285 | D:4      | Killed from afar by Ijyb

Illustrated notes

Levels and vault maps discovered:
D:1:      lightli_molten_gateway, layout_basic
D:2:      layout_loops_ring, shapermc_ecumenical_altar_mp_highgroup,
          basic_altar, grunt_decor_resistance, minmay_fractal_squares_5,
          uniq_crazy_yiuf_cottage
D:3:      layout_basic, mainiacjoe_overflow_alcove_4, minmay_gold_behind_fungi
D:4:      layout_basic, uniq_ijyb, uniq_blork_the_orc

Skill      XL: |  1  2  3  4  5 |
---------------+----------------+-----
Short Blades   | 3 4 5 6 7 |  7.2
Staves         | 2 |  2.1
Fighting       | |  2.1
Throwing       | |  2.1
Dodging        | |  1.2
Stealth        | |  5.3

Action                   |  1- 3 |  4- 6 || total
-------------------------+-------+-------++-------
Melee: Dagger            |    92 |   200 ||   292
       Punch             |     1 |     1 ||     2
       Quarterstaff      |       |    17 ||    17
  Use: Scroll            |       |     5 ||     5
 Stab: Sleeping          |    12 |       ||    12
Armor: Robe              |     1 |       ||     1
       Plate armour      |    58 |   132 ||   190
Dodge: Dodged            |    18 |    22 ||    40

Table legend: (Time is in decaauts)
 A = Elapsed time spent in this place.
 B = Non-inter-level travel time spent in this place.
 C = Inter-level travel time spent in this place.
 D = Time resting spent in this place.
 E = Time spent auto-exploring this place.
 F = Levels seen in this place.
 G = Mean time per level.
                   A        B        C        D        E       F      G
               +--------+--------+--------+--------+--------+-----+--------+
         Total |   5206 |   5042 |    164 |   1528 |   2925 |   4 | 1301.5 |
       Dungeon |   5206 |   5042 |    164 |   1528 |   2925 |   4 | 1301.5 |
               +--------+--------+--------+--------+--------+-----+--------+

Top non-repeatable levels by time:
     D:1: 1884 daAuts
     D:2: 1531 daAuts
     D:3: 1411 daAuts
     D:4: 378 daAuts
